 Dungeon Crawl Stone Soup version 0.17.0-28-g6e173f8 (webtiles) character file.

722 UnlimitedFusion the Skirmisher (level 7, -3/44 HPs)
             Began as a Gargoyle Berserker on Nov 24, 2015.
             Was a Priest of Trog.
             Slain by a slave (4 damage)
             ... led by Pikel
             ... on level 5 of the Dungeon.
             The game lasted 00:41:07 (4683 turns).

UnlimitedFusion the Skirmisher (Gargoyle Berserker) Turns: 4683, Time: 00:41:07

Health: -3/44      AC: 15    Str: 21    XL:     7   Next: 71%
Magic:  7/7        EV:  9    Int:  8    God:    Trog [***...]
Gold:   237        SH:  9    Dex: 10    Spells: 0 memorised, 6 levels left

rFire  . . .     SeeInvis .     a - +0 spear
rCold  . . .     Clarity  .     w - +0 scale mail
rNeg   + . .     SustAt   .     i - +0 shield
rPois  ∞         Gourm    .     (no helmet)
rElec  +         Spirit   .     r - +2 cloak {rPois}
rCorr  .         Warding  .     (no gloves)
rMut   .         Rnd*Tele +     (no boots)
MR     .....                    (no amulet)
Stlth  ..........               y - ring of flight
                                k - ring of teleportation

@: fainting, not resistant to hostile enchantments, extremely unstealthy
A: negative energy resistance 1, electricity resistance, unbreathing,
petrification resistance, rot immunity, AC +4
a: Berserk, Trog's Hand, Burn Spellbooks, Renounce Religion, Evoke Flight, Evoke
Teleportation


You were on level 5 of the Dungeon.
You worshipped Trog.
Trog was most pleased with you.
You were fainting.

You visited 2 branches of the dungeon, and saw 6 of its levels.

You collected 237 gold pieces.

Inventory:

Hand Weapons
 a - a +0 spear (weapon)
 q - a +2 quarterstaff of chaos
Armour
 b - a +0 animal skin
 i - a +0 shield (worn)
 o - a +0 leather armour
 r - a +2 cloak of poison resistance (worn)
 v - a cursed +0 cloak
 w - a +0 scale mail (worn)
Rods
 m - a +0 rod of shadows (11/11)
   (You found it on level 3 of the Dungeon)
Jewellery
 k - a ring of teleportation (left hand)
 y - a ring of flight (right hand)
Wands
 g - a wand of confusion (26)
Scrolls
 d - a scroll of fear
 n - a scroll of enchant weapon {unknown}
 p - 3 scrolls of identify {unknown}
 s - 2 scrolls of remove curse
 u - a scroll of teleportation {unknown}
Potions
 c - a potion of haste {unknown}
 e - a potion of degeneration {unknown}
 f - a potion of agility
 h - a potion of might
 j - a potion of berserk rage {unknown}
 l - a potion of mutation {unknown}
 t - a potion of ambrosia {unknown}
 x - a potion of flight


   Skills:
 + Level 4.5 Fighting
 * Level 4.4 Polearms
 + Level 4.0 Armour
 + Level 4.0 Dodging
 + Level 3.8 Shields


You had 6 spell levels left.
You didn't know any spells.

Dungeon Overview and Level Annotations

Branches:
Dungeon (5/15)             Temple (1/1) D:4

Altars:
Ashenzari
Dithmenos
Elyvilon
Fedhas
Gozag
Kikubaaqudgha
Makhleb
Nemelex Xobeh
Okawaru
Qazlal
Ru
Sif Muna
Vehumet
Xom
Zin
The Shining One

Annotations:
D:5 Pikel; septik's ghost, novice NaMo


Innate Abilities, Weirdness & Mutations

You are resistant to torment.
Your stone body is resilient (AC +4).
You are immune to poison.
You resist negative energy.
You are resistant to electric shocks.
You can survive without breathing.
You are immune to petrification.
You are immune to rotting.


Message History

Grinder misses you. You block septik's ghost's attack.
You hit the slave but do no damage. Pikel hits you but does no damage.
You block the slave's attack.
Grinder zaps a wand.
You resist with some effort. Septik's ghost hits you!
* * * LOW HITPOINT WARNING * * *
You closely miss the slave. The slave hits you.
* * * LOW HITPOINT WARNING * * *
Pikel hits you but does no damage. Grinder gestures at you.
Pain shoots through your body!
* * * LOW HITPOINT WARNING * * *
You block septik's ghost's attack.
You closely miss the slave. You block the slave's attack.
Pikel hits you but does no damage.
Grinder gestures.
Grinder blinks!
Grinder falls through a shaft!
The shaft crumbles and collapses.
The slave hits you but does no damage. Septik's ghost barely misses you.
You barely miss the slave. The slave hits you.
You die...

.#. ..###.....#
...##..o...... #.....#..#..#
#.....##.##.# .....
#.....##....# ....
#$.......#..#######...##.
#.....##...W............. ##
#......(..p@K..../.......
%..###......#.p§............
........###.#........?......
........###.#.......<÷......
.$.#....#.5.................
###..##§..##................
#..# ##o####...............
#.# #+# ##.............. #.
#.......#......


You could see Pikel, 2 slaves, septik's ghost and an orc.

Vanquished Creatures
  The ghost of Uberwunderbarhen the Ducker, an amateur OpFi of Makhleb (D:4)
  2 slaves (D:5)
  Duvessa (D:4)
  Dowan (D:4)
  3 hounds (D:4)
  Crazy Yiuf (D:2)
  Ijyb (D:2)
  A centaur skeleton (D:4)
  An orc wizard (D:3)
  A worker ant (D:4)
  A hound skeleton (D:4)
  A gnoll (D:4)
  3 adders
  7 worms
  14 orcs
  3 giant cockroaches
  2 goblins (D:1)
  7 hobgoblins
  4 jackals (D:1)
  7 kobolds
  2 quokkas
  3 ball pythons
  6 bats
  4 giant geckos
  2 giant newts
  8 rats
  2 butterflies (D:4)
89 creatures vanquished.

Notes
Turn   | Place    | Note
--------------------------------------------------------------
     0 | D:1      | UnlimitedFusion the Gargoyle Berserker began the quest for the Orb.
     0 | D:1      | Reached XP level 1. HP: 14/14 MP: 1/1
    53 | D:1      | Reached XP level 2. HP: 12/20 MP: 2/2
   401 | D:1      | Reached ** piety under Trog
   516 | D:2      | Reached XP level 3. HP: 18/24 MP: 3/3
   706 | D:2      | Noticed Ijyb
   749 | D:2      | Killed Ijyb
   749 | D:2      | Reached skill level 1 in Shields
   749 | D:2      | Reached XP level 4. HP: 15/29 MP: 4/4
   879 | D:2      | Noticed Crazy Yiuf
   884 | D:2      | Killed Crazy Yiuf
  1009 | D:2      | Reached skill level 4 in Fighting
  1720 | D:3      | Reached XP level 5. HP: 33/33 MP: 5/5
  2310 | D:3      | Reached *** piety under Trog
  2652 | D:4      | Noticed Duvessa
  2653 | D:4      | Noticed Dowan
  2692 | D:4      | Killed Duvessa
  2692 | D:4      | Reached XP level 6. HP: 38/38 MP: 6/6
  2704 | D:4      | Killed Dowan
  2970 | D:4      | Found a staircase to the Ecumenical Temple.
  3005 | Temple   | Entered the Ecumenical Temple
  3377 | D:4      | Noticed Uberwunderbarhen's ghost (amateur OpFi)
  3406 | D:4      | Killed Uberwunderbarhen's ghost
  3406 | D:4      | Reached XP level 7. HP: 24/44 MP: 7/7
  4313 | D:5      | Entered Level 5 of the Dungeon
  4313 | D:5      | Noticed Grinder
  4313 | D:5      | Noticed septik's ghost (novice NaMo)
  4343 | D:5      | Noticed Pikel
  4356 | D:5      | Paralysed by Grinder for 2 turns
  4681 | D:5      | HP: 1/44 [Grinder/nerve-wracking pain (2)]
  4683 | D:5      | Slain by a slave

Action                   |  1- 3 |  4- 6 |  7- 9 || total
-------------------------+-------+-------+-------++-------
Melee: Spear             |   162 |   301 |   203 ||   666
Invok: Berserk           |       |     3 |     2 ||     5
  Use: Potion            |       |     8 |       ||     8
       Scroll            |       |     4 |     1 ||     5
  Eat: Bread ration      |       |     1 |     1 ||     2
       Meat ration       |       |     1 |       ||     1
       Beef jerky        |       |     1 |       ||     1
